 Dungeon Crawl Stone Soup version 0.24-a0-366-gc1c896e988 (webtiles) character file.

Game seed: 4779030117575143095

317 HAL9000 the Cutter (level 6, -9/30 HPs)
             Began as a Vine Stalker Assassin on May 28, 2019.
             Mangled by an ice beast (13 damage)
             ... on level 3 of the Dungeon.
             The game lasted 00:07:44 (3820 turns).

HAL9000 the Cutter (Vine Stalker Assassin)          Turns: 3820, Time: 00:07:44

Health: -9/30      AC:  4    Str: 15    XL:     6   Next: 45%
Magic:  0/7        EV: 11    Int: 12    God:
Gold:   107        SH:  0    Dex: 15    Spells: 5/5 levels left

rFire    + . .     SeeInvis .   a - +2 dagger
rCold    . . .     Gourm    .   (no shield)
rNeg     . . .     Faith    .   b - +0 robe
rPois    .         Spirit   +   (no helmet)
rElec    .         Reflect  .   c - +0 cloak
rCorr    .         Harm     .   r - +0 pair of gloves
MR       .....                  (no boots)
Stlth    +++.......             (no amulet)
HPRegen  0.50/turn              o - ring of protection from fire
MPRegen  0.10/turn              (no ring)

@: no status effects
A: fangs 2, regeneration 1, magic shield, antimagic bite, no potion heal 3, rot
immunity
a: no special abilities


You were on level 3 of the Dungeon.
You were not hungry.

You visited 1 branch of the dungeon, and saw 4 of its levels.

You collected 107 gold pieces.

Inventory:

Hand Weapons
 a - a +2 dagger (weapon)
Missiles
 d - 26 poisoned darts
 e - 2 curare-tipped darts
 p - 2 boomerangs (quivered)
 A - a throwing net
Armour
 b - a +0 robe (worn)
 c - a +0 cloak (worn)
 r - a +0 pair of gloves (worn)
Jewellery
 o - a ring of protection from fire (left hand)
Wands
 C - a wand of random effects (9)
Scrolls
 g - 9 scrolls of identify {unknown}
 h - a scroll of amnesia {unknown}
 i - a scroll of enchant weapon {unknown}
 k - a scroll of teleportation {unknown}
 m - 3 scrolls of remove curse {unknown}
 q - a scroll of immolation {unknown}
 u - a scroll of enchant armour {unknown}
 y - a scroll of magic mapping {unknown}
 B - 3 scrolls of noise {unknown}
Potions
 j - a potion of flight {unknown}
 l - a potion of brilliance {unknown}
 n - a potion of mutation {unknown}
 s - a potion of invisibility {unknown}
 t - a potion of agility
 v - a potion of curing {unknown}
 x - 2 potions of heal wounds {unknown}
 z - 2 potions of lignification {unknown}
Comestibles
 f - 4 chunks of flesh
 w - 4 rations


   Skills:
 - Level 1.7 Fighting
 + Level 6.0 Short Blades
 - Level 1.7 Throwing
 - Level 0.7 Dodging
 - Level 4.8 Stealth


You had 5 spell levels left.
You didn't know any spells.
Your spell library was empty.

Dungeon Overview and Level Annotations

Branches:
Dungeon (4/15)
 Temple: D:4-7

Altars:
Elyvilon


Innate Abilities, Weirdness & Mutations

You have extremely sharp teeth.
Your natural rate of healing is unusually fast.
When hurt, damage is shared between your health and your magic reserves.
Your bite disrupts and absorbs the magic of your enemies.
Potions cannot restore your health.
You are immune to rotting.


Message History

You hit the ice beast. Your bite misses the ice beast.
The ice beast is moderately wounded.
The ice beast closely misses you.
You hit the ice beast.
You bite the ice beast, but do no damage.
The ice beast is heavily wounded.
The ice beast hits you. The ice beast freezes you.
You hit the ice beast.
You bite the ice beast, but do no damage.
The ice beast is heavily wounded.
The ice beast hits you. The ice beast freezes you!
* * * LOW HITPOINT WARNING * * *
You closely miss the ice beast.
You bite the ice beast, but do no damage.
The ice beast is heavily wounded.
Unknown command.
The ice beast hits you.
* * * LOW HITPOINT WARNING * * *
The ice beast freezes you!
You die...

.# #.# #......... .# ##.#
##......).> .#
##..##############....###### .#
##..................(.## #
#####...######...##...##### ##
...†..#.# #......### ####.
#######.# ###......#########....
## #.# ##....Y##..............
.### #.# #..#..@###.............
...# #.###........>.............
##.## #.#...###.####.............
#..# #...[.# #.# #.............
##.###..#.## #.# #.............
###.#......# #.####.............
#........######..##............<.
..#...#.#####...(......(........>
.#............###..###.....##.<..


You could see an ice beast.

Vanquished Creatures
  A hungry ghost (D:3)
  Ijyb (D:3)
  3 gnolls
  3 adders
  A worm (D:3)
  4 dart slugs
  4 leopard geckos
  5 orcs (D:3)
  6 giant cockroaches
  12 goblins
  6 hobgoblins
  8 jackals
  2 ball pythons
  9 bats
  5 frilled lizards
  8 kobolds
  8 rats
86 creatures vanquished.

Notes
Turn   | Place    | Note
-------+----------+-------------------------------------------
     0 | D:1      | HAL9000 the Vine Stalker Assassin began the quest for the
                  | Orb.
     0 | D:1      | Reached XP level 1. HP: 11/11 MP: 2/2
     8 | D:1      | Reached skill level 2 in Short Blades
    65 | D:1      | Reached XP level 2. HP: 2/15 MP: 0/3
  1266 | D:1      | Reached skill level 3 in Short Blades
  1319 | D:1      | Reached XP level 3. HP: 18/18 MP: 4/4
  1874 | D:2      | Found a white marble altar of Elyvilon.
  2294 | D:2      | Gained mutation: Your natural rate of healing is unusually
                  | fast. [Vine Stalker growth]
  2294 | D:2      | Reached XP level 4. HP: 20/23 MP: 5/5
  2733 | D:3      | Noticed a hungry ghost
  2765 | D:3      | Paralysed by fainting for 11 turns
  2788 | D:3      | Killed a hungry ghost
  2788 | D:3      | Reached skill level 5 in Short Blades
  2788 | D:3      | Reached XP level 5. HP: 7/26 MP: 3/6
  2894 | D:2      | Reached XP level 6. HP: 27/30 MP: 7/7
  3552 | D:3      | Noticed Ijyb
  3583 | D:3      | Killed Ijyb
  3583 | D:3      | Reached skill level 6 in Short Blades
  3768 | D:4      | Noticed an ice beast
  3820 | D:3      | Mangled by an ice beast

Levels and vault maps discovered:
D:1:      scummos_arrival_simple_crosswalls, layout_basic, serial_bayou_lagoon_a
D:2:      layout_basic, marbit_many_paths
D:3:      layout_rooms, uniq_ijyb
D:4:      layout_cave_pods, lemuel_round_altar, first_ration,
          minmay_misc_feat_secret_circle, uniq_blork_the_orc, uniq_duvessa,
          uniq_sigmund

Skill      XL: |  1  2  3  4  5  6 |
---------------+-------------------+-----
Short Blades   | 2 3 5 6 |  6.0
Fighting       | |  1.7
Throwing       | |  1.7
Dodging        | |  0.7
Stealth        | |  4.8

Action                   |  1- 3 |  4- 6 || total
-------------------------+-------+-------++-------
Melee: Dagger            |   127 |   172 ||   299
       Bite              |    22 |    44 ||    66
Throw: Boomerang         |       |     4 ||     4
       Dart              |       |     1 ||     1
 Stab: Sleeping          |     8 |    13 ||    21
       Distracted        |     1 |       ||     1
  Eat: Chunk             |     4 |     4 ||     8
       Ration            |       |     2 ||     2
Armor: Robe              |    37 |    54 ||    91
Dodge: Dodged            |    63 |    77 ||   140

Table legend:
 A = Non-vault XP
 B = Vault XP
 C = Vault XP percentage of total XP
 D = Non-vault monster count
 E = Vault monster count
 F = Vault count percentage of total count
                 A         B        C        D         E       F
            +---------+---------+-------+---------+---------+-------
      Total |     420 |      34 |   7.5 |      84 |       2 |   2.3
            +---------+---------+-------+---------+---------+-------
        D:1 |      41 |       0 |   0.0 |      23 |       0 |   0.0
        D:2 |      66 |       1 |   1.5 |      28 |       1 |   3.4
        D:3 |     300 |      33 |   9.9 |      32 |       1 |   3.0
        D:4 |      13 |       0 |   0.0 |       1 |       0 |   0.0
            +---------+---------+-------+---------+---------+-------
